Map: Odyssey LE

Players

PtitDrogo - Winner!

  • Race: Protoss Protoss
  • Spawn Location: 5:00

PiLiPiLi

  • Race: Protoss Protoss
  • Spawn Location: 11:00

Event: WCS Montreal 2017

VOD

Have the link to the VOD?

Description

Time

  • Played on: Sept. 8, 2017, 4:10 p.m.
  • Length: 11:07

All games in this series

Show
View Real Time Build Order
Export as new Build Order

PtitDrogo Protoss - Winner!

Build Orders: Archon Immortal 

Get SALT Encoding   

  12  0:00  Probe (Chrono Boost)  
  13  0:11  Probe (Chrono Boost)  
  14  0:17  Pylon  
  14  0:22  Probe (Chrono Boost)  
  15  0:35  Probe (Chrono Boost)  
  16  0:36  Gateway  
  16  0:41  Assimilator  
  16  0:46  Probe (Chrono Boost)  
  17  0:50  Assimilator  
  17  0:56  Probe (Chrono Boost)  
  18  1:07  Probe (Chrono Boost)  
  18  1:08  Gateway  
  19  1:17  Probe (Chrono Boost)  
  20  1:24  Cybernetics Core  
  20  1:28  Probe (Chrono Boost)  
  21  1:33  Pylon  
  21  1:38  Probe (Chrono Boost)  
  22  1:49  Probe (Chrono Boost)  
  23  2:00  Stalker x2  
  23  2:01  Warp Gate (Chrono Boost)  
  27  2:06  Mothership Core  
  29  2:18  Pylon  
  29  2:33  Stalker  
  29  2:36  Stalker  
  33  3:01  Nexus  
  33  3:03  Pylon  
  34  3:05  Probe  
  34  3:07  Sentry  
  34  3:11  Sentry  
  38  3:19  Probe  
  39  3:26  Twilight Council  
  39  3:31  Probe (Chrono Boost)  
  40  3:42  Probe (Chrono Boost)  
  41  3:52  Probe (Chrono Boost)  
  42  3:57  Robotics Facility  
  42  4:03  Probe (Chrono Boost)  
  42  4:04  Blink (Chrono Boost)  
  43  4:13  Probe (Chrono Boost)  
  43  4:14  Phoenix  
  44  4:19  Probe (Chrono Boost)  
  46  4:24  Probe (Chrono Boost)  
  46  4:28  Probe (Chrono Boost)  
  47  4:34  Probe  
  47  4:35  Gateway  
  47  4:36  Sentry  
  47  4:37  Gateway  
  47  4:38  Probe  
  51  4:47  Probe, Pylon  
  51  4:49  Probe  
  51  4:50  Immortal (Chrono Boost)  
  54  4:57  Pylon  
  54  4:59  Adept  
  59  5:02  Adept  
  59  5:17  Adept  
  57  5:23  Immortal  
  61  5:28  Adept  
  61  5:32  Adept  
  65  5:37  Adept  
  65  5:38  Adept  
  65  5:47  Probe x2  
  63  5:50  Adept  
  63  5:56  Adept  
  59  5:58  Adept x2  
  59  5:59  Probe  
  59  6:00  Probe  
  58  6:12  Probe  
  58  6:13  Probe  
  58  6:15  Stalker  
  58  6:17  Assimilator x2  
  56  6:24  Probe, Stalker x2  
  57  6:33  Probe  
  57  6:36  Probe  
  59  6:43  Stalker x2  
  61  6:50  Probe x2  
  61  6:52  Nexus  
  63  6:55  Stalker, Pylon  
  63  6:59  Stalker  
  67  7:02  Probe  
  68  7:13  Charge (Chrono Boost)  
  68  7:16  Immortal  
  72  7:32  Probe x2  
  72  7:34  Gateway  
  74  7:39  Gateway  
  68  7:51  Immortal  
  68  7:52  Stalker x4  
  80  7:59  Pylon  
  80  8:01  Pylon  
  80  8:07  Pylon  
  80  8:09  Pylon  
  80  8:25  Immortal  
  80  8:30  Templar Archives  
  80  8:32  Gateway  
  80  8:33  Gateway  
  84  8:35  Sentry  
  84  8:36  Zealot x2  
  84  8:40  Probe  
  90  8:42  Probe x2  
  93  8:55  Zealot x3  
  99  9:02  Zealot x3  
  105  9:04  Immortal  
  109  9:12  Probe  
  110  9:19  Pylon  
  110  9:21  Pylon  
  106  9:39  High Templar x2  
  106  9:40  Zealot x4  
  106  9:41  Observer  
  106  9:43  Probe x2  
  106  9:45  Pylon  
  121  9:48  Assimilator  
  121  9:50  Archon  
  121  9:51  High Templar x2  
  123  9:53  Assimilator  
  123  9:55  Archon  
  123  10:05  High Templar  
  123  10:06  Zealot x2  
  123  10:07  Zealot  
  129  10:13  High Templar  
  129  10:14  Zealot  
  131  10:18  Archon, Pylon  
  131  10:21  Pylon  
  131  10:28  Pylon  
  131  10:30  Zealot x5  
  131  10:31  Pylon  
  141  10:38  High Templar x2  
  141  10:41  Archon  
  145  10:56  Zealot x6  
Show
View Real Time Build Order
Export as new Build Order

PiLiPiLi Protoss 

Build Orders:  

Get SALT Encoding   

  12  0:00  Probe (Chrono Boost)  
  13  0:11  Probe (Chrono Boost)  
  14  0:16  Pylon  
  14  0:22  Probe (Chrono Boost)  
  15  0:35  Probe (Chrono Boost)  
  16  0:36  Gateway  
  16  0:45  Probe (Chrono Boost)  
  16  0:47  Assimilator  
  17  0:50  Assimilator  
  17  0:56  Probe (Chrono Boost)  
  18  1:06  Probe (Chrono Boost)  
  18  1:07  Gateway  
  19  1:17  Probe (Chrono Boost)  
  20  1:24  Cybernetics Core  
  20  1:27  Probe (Chrono Boost)  
  20  1:32  Pylon  
  21  1:38  Probe (Chrono Boost)  
  22  1:48  Probe (Chrono Boost)  
  23  2:01  Stalker x2, Warp Gate (Chrono Boost)  
  27  2:08  Pylon  
  29  2:20  Robotics Facility  
  27  2:26  Probe  
  28  2:40  Mothership Core  
  30  2:49  Nexus  
  30  3:01  Probe  
  31  3:07  Immortal (Chrono Boost)  
  35  3:13  Probe  
  36  3:22  Pylon  
  36  3:31  Probe  
  37  3:38  Gateway x2  
  37  3:51  Warp Prism (Chrono Boost)  
  39  4:00  Probe  
  40  4:04  Sentry, Stalker  
  40  4:06  Probe  
  45  4:23  Immortal (Chrono Boost)  
  49  4:29  Sentry x2  
  53  4:32  Pylon  
  53  4:34  Probe x2  
  55  4:44  Pylon  
  55  4:51  Sentry, Adept  
  55  4:52  Adept  
  61  4:55  Adept  
  63  5:13  Adept  
  63  5:16  Adept x3  
  63  5:30  Immortal (Chrono Boost)  
  67  5:37  Adept x2  
  67  5:38  Adept x2  
  65  5:56  Adept  
  59  5:58  Adept x2  
  59  5:59  Adept  
  51  6:20  Adept x3  
  47  6:44  Adept x3  
  47  6:53  Immortal (Chrono Boost)  
  49  7:00  Adept  
  51  7:01  Probe  
  51  7:02  Probe  
  51  7:04  Adept x3  
  59  7:14  Probe x2  
  59  7:15  Assimilator  
  61  7:20  Adept  
  63  7:26  Adept x3  
  69  7:32  Probe  
  69  7:34  Pylon  
  66  7:53  Adept x2  
  66  7:57  Pylon  
  70  8:03  Assimilator  
  70  8:05  Warp Prism (Chrono Boost)  
  70  8:12  Twilight Council  
  70  8:15  Probe x2  
  72  8:21  Adept x3  
  78  8:29  Gateway  
  78  8:32  Gateway  
  78  8:34  Gateway  
  78  8:40  Pylon  
  78  8:41  Pylon  
  78  8:44  Pylon  
  78  8:54  Immortal (Chrono Boost)  
  78  8:58  Mothership Core  
  78  9:00  Resonating Glaives (Chrono Boost), Pylon  
  84  9:06  Adept x2  
  84  9:08  Adept  
  90  9:13  Adept  
  92  9:18  Pylon  
  88  9:37  Warp Prism  
  87  9:49  Adept x2  
  87  9:50  Adept x2  
  95  10:12  Adept x5  
  105  10:21  Pylon  
  105  10:39  Pylon  
  105  10:41  Sentry x6  
  117  10:42  Adept  
Tags
 
Add a new tag
Caveats
  • Supply blocks, unpowered buildings, or Contaminate may cause inaccurate times.
  • Supply counts are checked every 10 seconds.